Maple Leafs vs Predateurs

Created - 28 décembre 2021 at 08:51

Goals
1 2 3 T
Maple Leafs 1 1 1 3
Predateurs 3 1 0 4
Shots
1 2 3 T
Maple Leafs 13 7 15 35
Predateurs 15 13 14 42

GoalsPenalties
1st period
1. Predateurs , Zach Parise 5 (Noel Acciari 3, Justin Schultz 11) at 8:37
2. Predateurs , Teuvo Teravainen 6 (Nicklas Backstrom 13, Brady Skjei 10) at 10:26
3. Maple Leafs , Alexander Radulov 6 (Marcus Pettersson 11, Jakub Vrana 13) at 14:01
4. Predateurs , Filip Forsberg 16 (Esa Lindell 7, Teuvo Teravainen 22) at 16:30
No Penalty
2nd period
5. Predateurs , Sebastian Aho 17 (Nikita Kucherov 30, Marc-Edouard Vlasic 11) at 14:59
6. Maple Leafs , Alexander Radulov 7 (Jakub Vrana 14, Nikita Zadorov 14) at 19:26
Nikita Zadorov (TOR) for Interference (Minor) at 2:04
Juuse Saros (TOR) for Slashing (Minor) at 11:11 - Jamie Benn served the penalty.
3rd period
7. Maple Leafs , Marcus Pettersson 5 (William Carrier 2, Michael Grabner 3) at 19:45
Brady Skjei (NAS) for Tripping (Minor) at 1:41
Jake Evans (TOR) for High sticking (Minor) at 9:43
Esa Lindell (NAS) for Goalie Interference (Minor) at 17:42
Goalie Stats
Juuse Saros (TOR), 38 saves from 42 shots - (0,905), L, 9-10-2, 60:00 minutes
Pekka Rinne (NAS), 32 saves from 35 shots - (0,914), W, 10-9-0, 60:00 minutes
3 StarsOfficial
1 - Filip Forsberg (NAS)
2 - Alexander Radulov (TOR)
3 - Marcus Pettersson (TOR)
Referees : Dan O'Halloran and Francois StLaurent
Linesman : Michel Cormier and Darren Gibbs
Game Note
No Game Note
Finance
Level 1 -- Attendance: 3142 (62,84%) -- Ticket Income 345 620 $
Level 2 -- Attendance: 2981 (74,53%) -- Ticket Income 193 765 $
Level 3 -- Attendance: 2130 (71,00%) -- Ticket Income 85 200 $
Level 4 -- Attendance: 2294 (57,35%) -- Ticket Income 68 820 $
Luxury Box -- Attendance: 732 (73,20%) -- Ticket Income 146 400 $
Game was played at the Bridgestone Arena.
Total Attendance: 11279 (66,35%)
Total Ticket Income: 839 805 $
Other Income: 411 504 $
Total Income: 1 251 309 $



Team Name Goals Shots Shots Attemp Shots Blocked PIM HIT PP PK FO%
Maple Leafs 33568156230 / 2 (0%)045%
Predateurs 44284124230 / 3 (0%)055%

Maple Leafs
Player Name POS G A P +/- PIM HIT SHT SB MP PP MP PP SHT PK MP PK SHT FO% FOT
Alexander RadulovLW/RW202-1034017:091:5300:0000% 0
Brendan GallagherRW0000000014:382:0500:0000% 2
Carl GunnarssonD0002010417:080:0003:2900% 0
Carter RowneyC/RW000101017:340:0003:01038% 8
Dougie HamiltonD000-1042526:102:1903:4400% 0
Jaccob SlavinD000-1000222:550:0002:4800% 0
Jake EvansC/RW0000212115:000:0002:28053% 19
Jake GardinerD000-2001118:562:1910:1800% 0
Jakub VranaLW/RW022-1006017:091:5320:0000% 0
Jamie BennC000-1043021:322:0501:44045% 29
Jeff CarterC/LW000-1021017:091:5300:00048% 23
Marcus PetterssonD1122004115:181:3910:0000% 0
Michael GrabnerLW/RW011100107:290:0002:5600% 3
Nikita ZadorovD011-2250017:530:0001:3500% 0
Patrik LaineLW/RW000-1006021:071:3911:45033% 6
Rudolfs BalcersLW0000010012:330:0000:000100% 1
Taylor HallLW000-1005019:482:0520:000100% 1
William CarrierLW011101004:330:0000:0000% 0
Predateurs
Player Name POS G A P +/- PIM HIT SHT SB MP PP MP PP SHT PK MP PK SHT FO% FOT
Alexander WennbergC/LW/RW0000012121:122:5421:45050% 2
Brady SkjeiD0110212021:502:4411:0500% 0
Esa LindellD0110201218:590:0000:5800% 0
Filip ForsbergLW/RW1011065018:573:0310:000100% 1
Frederick GaudreauC/RW000-1001010:000:0002:13043% 14
Josh ArchibaldLW/RW000-1032110:140:0002:130100% 1
Justin SchultzD0112010120:483:1300:0900% 0
Marc-Edouard VlasicD0112020519:210:0001:5500% 0
Mirco MuellerD000-1012016:320:0001:5500% 0
Nathan BeaulieuD000-1021119:152:4401:5400% 0
Nick CousinsC/LW/RW000-100007:470:0000:0000% 0
Nicklas BackstromC0111013018:482:5400:00048% 31
Nikita KucherovRW0110004119:323:1300:000100% 2
Noel AcciariC/LW0111042011:500:0001:45153% 15
Ryan DzingelC/LW/RW000100009:510:0000:0000% 1
Sebastian AhoC/LW/RW1010015019:223:0300:00068% 25
Teuvo TeravainenLW/RW1121007018:573:0310:0000% 0
Zach PariseLW/RW1011005012:452:5400:0000% 0

Maple Leafs

5 vs 5 Forward
Line #Left WingCenterRight WingPHYDFOFWanted %Time %Time Play
1Taylor HallJamie BennPatrik Laine0053535%17:29
2Jakub VranaJeff CarterAlexander Radulov0143031%15:16
3Rudolfs BalcersJake EvansBrendan Gallagher0232525%12:33
4William CarrierCarter RowneyMichael Grabner023109%4:33
5 vs 5 Defense
Line #DefenseDefensePHYDFOFWanted %Time %Time Play
1Jaccob SlavinDougie Hamilton0413534%16:51
2Jake GardinerNikita Zadorov0413033%16:19
3Marcus PetterssonCarl Gunnarsson0502527%13:39
4Jaccob SlavinDougie Hamilton032106%3:02
Power Play Forward
Line #Left WingCenterRight WingPHYDFOFWanted %Time %Time Play
1Taylor HallJamie BennBrendan Gallagher0055053%2:05
2Jakub VranaJeff CarterAlexander Radulov0145047%1:53
Power Play Defense
Line #DefenseDefensePHYDFOFWanted %Time %Time Play
1Jake GardinerDougie Hamilton0415058%2:19
2Marcus PetterssonPatrik Laine0415042%1:39
Penalty Kill 4 Players Forward
Line #CenterWingPHYDFOFWanted %Time %Time Play
1Jake EvansCarter Rowney0325051%3:01
2Jamie BennMichael Grabner0415049%2:56
Penalty Kill 4 Players Defense
Line #DefenseDefensePHYDFOFWanted %Time %Time Play
1Jaccob SlavinNikita Zadorov0505047%2:48
2Carl GunnarssonDougie Hamilton0505053%3:09
Penalty Kill 3 Players
Line #WingPHYDFOFWanted %Time %Time PlayDefenseDefensePHYDFOFWanted %Time %Time Play
1Carter Rowney032500%0:00 Jaccob SlavinNikita Zadorov140500%0:00
2Jake Evans041500%0:00 Dougie HamiltonCarl Gunnarsson140500%0:00
4 vs 4 Forward
Line #CenterWingPHYDFOFWanted %Time %Time Play
1Jamie BennPatrik Laine014500%0:00
2Jeff CarterJakub Vrana014500%0:00
4 vs 4 Defense
Line #DefensePHYDFOFWanted %Time %Time Play
1Jaccob SlavinDougie Hamilton041500%0:00
2Marcus PetterssonNikita Zadorov041500%0:00
Last Minutes Offensive
Left WingCenterRight WingDefenseDefense
Taylor HallJamie BennPatrik LaineJaccob SlavinDougie Hamilton
Last Minutes Defensive
Left WingCenterRight WingDefenseDefense
Michael GrabnerCarter RowneyJake EvansJaccob SlavinDougie Hamilton
Time
Total ForwardTotal DefenseLast Minutes OffensiveLast Minutes Defensive
60:00 60:00 0:140:00
Extra Forwards
Normal PowerPlayPenalty Kill
Taylor Hall, Patrik Laine, Jamie BennJake Evans, Jeff CarterPatrik Laine
Extra Defensemen
Normal PowerPlayPenalty Kill
Nikita Zadorov, Jaccob Slavin, Dougie HamiltonMarcus Pettersson, Carl GunnarssonJaccob Slavin
Penalty Shots
Taylor Hall, Patrik Laine, Jakub Vrana, Alexander Radulov, Brendan Gallagher
Goalie
Juuse Saros, Aaron Dell
Custom OT Lines Forwards
Patrik Laine, Jamie Benn, Taylor Hall, Brendan Gallagher, Jakub Vrana, Alexander Radulov, Jeff Carter, Jake Evans, Carter Rowney, Rudolfs Balcers
Custom OT Lines Defensemen
Dougie Hamilton, Jaccob Slavin, Nikita Zadorov, Carl Gunnarsson, Marcus Pettersson
Scratches
Brendan Smith (Healthy), Slater Koekkoek (Healthy), Greg Pateryn (Healthy)

Predateurs

5 vs 5 Forward
Line #Left WingCenterRight WingPHYDFOFWanted %Time %Time Play
1Alexander WennbergSebastian AhoNikita Kucherov0233233%16:19
2Filip ForsbergNicklas BackstromTeuvo Teravainen0233232%15:54
3Zach PariseNoel AcciariRyan Dzingel0322020%9:51
4Josh ArchibaldFrederick GaudreauNick Cousins1311616%7:47
5 vs 5 Defense
Line #DefenseDefensePHYDFOFWanted %Time %Time Play
1Brady SkjeiEsa Lindell0323636%17:48
2Justin SchultzMarc-Edouard Vlasic0323435%17:26
3Mirco MuellerNathan Beaulieu0323029%14:37
4Brady SkjeiEsa Lindell12200%0:00
Power Play Forward
Line #Left WingCenterRight WingPHYDFOFWanted %Time %Time Play
1Filip ForsbergSebastian AhoTeuvo Teravainen0056051%3:03
2Alexander WennbergNicklas BackstromZach Parise0054049%2:54
Power Play Defense
Line #DefenseDefensePHYDFOFWanted %Time %Time Play
1Justin SchultzNikita Kucherov0056054%3:13
2Brady SkjeiNathan Beaulieu0054046%2:44
Penalty Kill 4 Players Forward
Line #CenterWingPHYDFOFWanted %Time %Time Play
1Noel AcciariAlexander Wennberg0505044%1:45
2Frederick GaudreauJosh Archibald0505056%2:13
Penalty Kill 4 Players Defense
Line #DefenseDefensePHYDFOFWanted %Time %Time Play
1Brady SkjeiEsa Lindell0505052%2:03
2Mirco MuellerMarc-Edouard Vlasic0505048%1:55
Penalty Kill 3 Players
Line #WingPHYDFOFWanted %Time %Time PlayDefenseDefensePHYDFOFWanted %Time %Time Play
1Noel Acciari050500%0:00 Brady SkjeiEsa Lindell050500%0:00
2Alexander Wennberg050500%0:00 Mirco MuellerMarc-Edouard Vlasic050500%0:00
4 vs 4 Forward
Line #CenterWingPHYDFOFWanted %Time %Time Play
1Sebastian AhoNikita Kucherov023500%0:00
2Nicklas BackstromFilip Forsberg023500%0:00
4 vs 4 Defense
Line #DefensePHYDFOFWanted %Time %Time Play
1Brady SkjeiEsa Lindell032500%0:00
2Justin SchultzMarc-Edouard Vlasic131500%0:00
Last Minutes Offensive
Left WingCenterRight WingDefenseDefense
Filip ForsbergSebastian AhoNikita KucherovBrady SkjeiJustin Schultz
Last Minutes Defensive
Left WingCenterRight WingDefenseDefense
Josh ArchibaldNoel AcciariAlexander WennbergBrady SkjeiEsa Lindell
Time
Total ForwardTotal DefenseLast Minutes OffensiveLast Minutes Defensive
60:00 60:00 0:000:14
Extra Forwards
Normal PowerPlayPenalty Kill
Noel Acciari, Nicklas Backstrom, Alexander WennbergNoel Acciari, Ryan DzingelAlexander Wennberg
Extra Defensemen
Normal PowerPlayPenalty Kill
Justin Schultz, Nathan Beaulieu, Brady SkjeiJustin Schultz, Nathan BeaulieuEsa Lindell
Penalty Shots
Sebastian Aho, Filip Forsberg, Nikita Kucherov, Nicklas Backstrom, Teuvo Teravainen
Goalie
Pekka Rinne, Antti Raanta
Custom OT Lines Forwards
Sebastian Aho, Filip Forsberg, Nikita Kucherov, Nicklas Backstrom, Teuvo Teravainen, Noel Acciari, Josh Archibald, Zach Parise, Alexander Wennberg, Frederick Gaudreau
Custom OT Lines Defensemen
Brady Skjei, Esa Lindell, Marc-Edouard Vlasic, Justin Schultz, Nathan Beaulieu
Scratches
Stefan Noesen (Healthy), Michael Hutchinson (Healthy)


Play-by-Play

1st period


0:01 of 1st period - Sebastian Aho wins face-off versus Jamie Benn in neutral zone.
0:08 of 1st period - Shot by Sebastian Aho.
0:08 of 1st period - Stopped by Juuse Saros without a rebound.
0:09 of 1st period - Jeff Carter wins face-off versus Nicklas Backstrom in Maple Leafs zone.
0:14 of 1st period - Shot by Alexander Radulov.
0:14 of 1st period - Stopped by Pekka Rinne without a rebound.
0:15 of 1st period - Jake Evans wins face-off versus Noel Acciari in Predateurs zone.
0:15 of 1st period - Marcus Pettersson is hit by Mirco Mueller and loses puck.
0:28 of 1st period - Shot by Noel Acciari.
0:28 of 1st period - Shot Blocked by Jake Evans.
0:31 of 1st period - Noel Acciari is hit by Carl Gunnarsson.
0:35 of 1st period - Shot by Nathan Beaulieu.
0:35 of 1st period - Stopped by Juuse Saros without a rebound.
0:36 of 1st period - Jeff Carter wins face-off versus Frederick Gaudreau in Maple Leafs zone.
1:15 of 1st period - Shot by Alexander Radulov.
1:15 of 1st period - Shot Blocked by Marc-Edouard Vlasic.
1:17 of 1st period - Shot by Jakub Vrana.
1:17 of 1st period - Shot Misses the Net.
1:19 of 1st period - Shot by Jakub Vrana.
1:19 of 1st period - Stopped by Pekka Rinne without a rebound.
1:20 of 1st period - Jamie Benn wins face-off versus Nicklas Backstrom in Predateurs zone.
1:20 of 1st period - Jamie Benn is hit by Brady Skjei.
1:26 of 1st period - Shot by Jamie Benn.
1:26 of 1st period - Shot Misses the Net.
1:28 of 1st period - Shot by Taylor Hall.
1:28 of 1st period - Deflect By Patrik Laine.
1:28 of 1st period - Stopped by Pekka Rinne without a rebound.
1:29 of 1st period - Jamie Benn wins face-off versus Sebastian Aho in Predateurs zone.
1:40 of 1st period - Shot by Patrik Laine.
1:40 of 1st period - Shot Misses the Net.
1:42 of 1st period - Shot by Jamie Benn.
1:42 of 1st period - Shot Blocked by Nikita Kucherov.
1:46 of 1st period - Shot by Jamie Benn.
1:46 of 1st period - Shot Blocked by Esa Lindell.
1:48 of 1st period - Shot by Dougie Hamilton.
1:48 of 1st period - Stopped by Pekka Rinne with a rebound.
1:58 of 1st period - Shot by Taylor Hall.
1:58 of 1st period - Stopped by Pekka Rinne without a rebound.
1:59 of 1st period - Nicklas Backstrom wins face-off versus Michael Grabner in Predateurs zone.
1:59 of 1st period - Nicklas Backstrom is hit by William Carrier.
2:09 of 1st period - Michael Grabner is hit by Filip Forsberg and loses puck.
2:18 of 1st period - Shot by Filip Forsberg.
2:18 of 1st period - Stopped by Juuse Saros with a rebound.
2:28 of 1st period - Shot by Teuvo Teravainen.
2:28 of 1st period - Shot Blocked by Carl Gunnarsson.
2:30 of 1st period - Shot by Nicklas Backstrom.
2:30 of 1st period - Stopped by Juuse Saros without a rebound.
2:31 of 1st period - Sebastian Aho wins face-off versus Jake Evans in Maple Leafs zone.
2:38 of 1st period - Shot by Nikita Kucherov.
2:38 of 1st period - Stopped by Juuse Saros without a rebound.
2:39 of 1st period - Noel Acciari wins face-off versus Jake Evans in Maple Leafs zone.
2:42 of 1st period - Shot by Zach Parise.
2:42 of 1st period - Stopped by Juuse Saros with a rebound.
4:01 of 1st period - Shot by Jamie Benn.
4:01 of 1st period - Shot Misses the Net.
4:08 of 1st period - Esa Lindell is hit by Nikita Zadorov and loses puck.
4:19 of 1st period - Shot by Taylor Hall.
4:19 of 1st period - Deflect By Jamie Benn.
4:19 of 1st period - Shot Misses the Net.
4:37 of 1st period - Shot by Taylor Hall.
4:37 of 1st period - Shot Misses the Net.
4:39 of 1st period - Shot by Jamie Benn.
4:39 of 1st period - Stopped by Pekka Rinne with a rebound.
4:53 of 1st period - Alexander Radulov is hit by Filip Forsberg and loses puck.
6:04 of 1st period - Icing by Brady Skjei.
6:05 of 1st period - Noel Acciari wins face-off versus Patrik Laine in Predateurs zone.
6:05 of 1st period - Noel Acciari is hit by Jamie Benn.
6:08 of 1st period - Esa Lindell is hit by Jamie Benn and loses puck.
6:29 of 1st period - Shot by Taylor Hall.
6:29 of 1st period - Stopped by Pekka Rinne without a rebound.
6:30 of 1st period - Sebastian Aho wins face-off versus Carter Rowney in Predateurs zone.
6:37 of 1st period - Shot by Dougie Hamilton.
6:37 of 1st period - Stopped by Pekka Rinne without a rebound.
6:38 of 1st period - Nicklas Backstrom wins face-off versus Jake Evans in Predateurs zone.
6:45 of 1st period - Dougie Hamilton is hit by Filip Forsberg and loses puck.
7:08 of 1st period - Shot by Teuvo Teravainen.
7:08 of 1st period - Shot Misses the Net.
7:12 of 1st period - Shot by Filip Forsberg.
7:12 of 1st period - Shot Misses the Net.
7:14 of 1st period - Shot by Mirco Mueller.
7:14 of 1st period - Shot Blocked by Jaccob Slavin.
7:16 of 1st period - Shot by Teuvo Teravainen.
7:16 of 1st period - Stopped by Juuse Saros without a rebound.
7:17 of 1st period - Sebastian Aho wins face-off versus Jamie Benn in Maple Leafs zone.
7:44 of 1st period - Shot by Patrik Laine.
7:44 of 1st period - Shot Misses the Net.
8:37 of 1st period - Shot by Zach Parise.
8:37 of 1st period - Goal by Zach Parise - Maple Leafs : 0 - Predateurs : 1.
8:38 of 1st period - Jeff Carter wins face-off versus Nicklas Backstrom in neutral zone.
8:41 of 1st period - Shot by Jaccob Slavin.
8:41 of 1st period - Shot Misses the Net.
8:59 of 1st period - Shot by Filip Forsberg.
8:59 of 1st period - Stopped by Juuse Saros without a rebound.
9:00 of 1st period - Frederick Gaudreau wins face-off versus Carter Rowney in Maple Leafs zone.
9:27 of 1st period - Shot by Josh Archibald.
9:27 of 1st period - Shot Blocked by Carter Rowney.
9:29 of 1st period - Shot by Josh Archibald.
9:29 of 1st period - Shot Blocked by Marcus Pettersson.
10:24 of 1st period - Shot by Nicklas Backstrom.
10:24 of 1st period - Stopped by Juuse Saros with a rebound.
10:26 of 1st period - Shot by Teuvo Teravainen.
10:26 of 1st period - Goal by Teuvo Teravainen - Maple Leafs : 0 - Predateurs : 2.
10:27 of 1st period - Sebastian Aho wins face-off versus Jake Evans in neutral zone.
10:27 of 1st period - Nikita Kucherov is hit by Jake Evans and loses puck.
10:38 of 1st period - Icing by Sebastian Aho.
10:39 of 1st period - Jamie Benn wins face-off versus Sebastian Aho in Predateurs zone.
10:44 of 1st period - Shot by Taylor Hall.
10:44 of 1st period - Stopped by Pekka Rinne without a rebound.
10:45 of 1st period - Nikita Kucherov wins face-off versus Jeff Carter in Predateurs zone.
11:15 of 1st period - Shot by Sebastian Aho.
11:15 of 1st period - Shot Misses the Net.
11:54 of 1st period - Off-side.
11:55 of 1st period - Jake Evans wins face-off versus Nicklas Backstrom in neutral zone.
12:13 of 1st period - Icing by Marc-Edouard Vlasic.
12:14 of 1st period - Jamie Benn wins face-off versus Nicklas Backstrom in Predateurs zone.
12:28 of 1st period - Teuvo Teravainen is hit by Nikita Zadorov and loses puck.
12:39 of 1st period - Shot by Patrik Laine.
12:39 of 1st period - Shot Misses the Net.
12:49 of 1st period - Shot by Nicklas Backstrom.
12:49 of 1st period - Shot Blocked by Jake Gardiner.
13:14 of 1st period - Esa Lindell is hit by Dougie Hamilton and loses puck.
13:33 of 1st period - Shot by Jake Evans.
13:33 of 1st period - Stopped by Pekka Rinne without a rebound.
13:34 of 1st period - Frederick Gaudreau wins face-off versus Jeff Carter in Predateurs zone.
13:34 of 1st period - Frederick Gaudreau is hit by Alexander Radulov.
14:01 of 1st period - Shot by Alexander Radulov.
14:01 of 1st period - Goal by Alexander Radulov - Maple Leafs : 1 - Predateurs : 2.
14:02 of 1st period - Jake Evans wins face-off versus Sebastian Aho in neutral zone.
14:18 of 1st period - Shot by Rudolfs Balcers.
14:18 of 1st period - Shot Misses the Net.
14:33 of 1st period - Shot by Jaccob Slavin.
14:33 of 1st period - Deflect By Jake Evans.
14:33 of 1st period - Shot Blocked by Marc-Edouard Vlasic.
14:35 of 1st period - Shot by Jake Evans.
14:35 of 1st period - Shot Blocked by Marc-Edouard Vlasic.
14:57 of 1st period - Carl Gunnarsson is hit by Sebastian Aho and loses puck.
15:33 of 1st period - Taylor Hall is hit by Justin Schultz and loses puck.
15:51 of 1st period - Alexander Radulov is hit by Nicklas Backstrom and loses puck.
16:30 of 1st period - Shot by Filip Forsberg.
16:30 of 1st period - Goal by Filip Forsberg - Maple Leafs : 1 - Predateurs : 3.
16:31 of 1st period - Jake Evans wins face-off versus Ryan Dzingel in neutral zone.
17:21 of 1st period - Icing by Jaccob Slavin.
17:22 of 1st period - Jake Evans wins face-off versus Nicklas Backstrom in Maple Leafs zone.
17:42 of 1st period - Icing by Nicklas Backstrom.
17:43 of 1st period - Nicklas Backstrom wins face-off versus Jeff Carter in Predateurs zone.
17:56 of 1st period - Shot by Filip Forsberg.
17:56 of 1st period - Stopped by Juuse Saros without a rebound.
17:57 of 1st period - Frederick Gaudreau wins face-off versus Jamie Benn in Maple Leafs zone.
17:58 of 1st period - Shot by Josh Archibald.
17:58 of 1st period - Shot Misses the Net.
18:02 of 1st period - Shot by Frederick Gaudreau.
18:02 of 1st period - Stopped by Juuse Saros without a rebound.
18:03 of 1st period - Josh Archibald wins face-off versus Jamie Benn in Maple Leafs zone.
18:12 of 1st period - Shot by Jamie Benn.
18:12 of 1st period - Stopped by Pekka Rinne without a rebound.
18:13 of 1st period - Nicklas Backstrom wins face-off versus Jeff Carter in Predateurs zone.
18:30 of 1st period - Shot by Jakub Vrana.
18:30 of 1st period - Stopped by Pekka Rinne without a rebound.
18:31 of 1st period - Taylor Hall wins face-off versus Sebastian Aho in Predateurs zone.
18:52 of 1st period - Shot by Nikita Kucherov.
18:52 of 1st period - Shot Misses the Net.
19:27 of 1st period - Shot by Teuvo Teravainen.
19:27 of 1st period - Stopped by Juuse Saros without a rebound.
19:28 of 1st period - Noel Acciari wins face-off versus Jeff Carter in Maple Leafs zone.
Goals for this period are 1 for Maple Leafs vs 3 for Predateurs.
Shots for this period are 13 for Maple Leafs vs 15 for Predateurs.

2nd period


0:01 of 2nd period - Nicklas Backstrom wins face-off versus Carter Rowney in neutral zone.
0:06 of 2nd period - Shot by Nicklas Backstrom.
0:06 of 2nd period - Stopped by Juuse Saros without a rebound.
0:07 of 2nd period - Jamie Benn wins face-off versus Nicklas Backstrom in Maple Leafs zone.
1:43 of 2nd period - Jeff Carter is hit by Josh Archibald and loses puck.
2:03 of 2nd period - Shot by Nikita Kucherov.
2:03 of 2nd period - Shot Misses the Net.
2:04 of 2nd period - Minor Penalty to Nikita Zadorov for Interference.
2:05 of 2nd period - Nicklas Backstrom wins face-off versus Jake Evans in Maple Leafs zone.
2:06 of 2nd period - Shot by Nikita Kucherov.
2:06 of 2nd period - Shot Blocked by Dougie Hamilton.
2:14 of 2nd period - Shot by Alexander Wennberg.
2:14 of 2nd period - Stopped by Juuse Saros without a rebound.
2:15 of 2nd period - Filip Forsberg wins face-off versus Michael Grabner in Maple Leafs zone.
2:16 of 2nd period - Shot by Teuvo Teravainen.
2:16 of 2nd period - Shot Misses the Net.
2:52 of 2nd period - Shot by Filip Forsberg.
2:52 of 2nd period - Stopped by Juuse Saros without a rebound.
2:53 of 2nd period - Jake Evans wins face-off versus Nicklas Backstrom in Maple Leafs zone.
3:25 of 2nd period - Shot by Brady Skjei.
3:25 of 2nd period - Stopped by Juuse Saros with a rebound.
3:27 of 2nd period - Shot by Brady Skjei.
3:27 of 2nd period - Shot Blocked by Dougie Hamilton.
5:00 of 2nd period - Zach Parise is hit by Nikita Zadorov and loses puck.
5:08 of 2nd period - Mirco Mueller is hit by Alexander Radulov and loses puck.
5:13 of 2nd period - Shot by Zach Parise.
5:13 of 2nd period - Stopped by Juuse Saros without a rebound.
5:14 of 2nd period - Jamie Benn wins face-off versus Nicklas Backstrom in Maple Leafs zone.
5:14 of 2nd period - Taylor Hall is hit by Filip Forsberg and loses puck.
5:39 of 2nd period - Shot by Teuvo Teravainen.
5:39 of 2nd period - Deflect By Filip Forsberg.
5:39 of 2nd period - Shot Misses the Net.
5:49 of 2nd period - Filip Forsberg is hit by Jamie Benn and loses puck.
6:23 of 2nd period - Shot by Sebastian Aho.
6:23 of 2nd period - Deflect By Nikita Kucherov.
6:23 of 2nd period - Stopped by Juuse Saros without a rebound.
6:24 of 2nd period - Noel Acciari wins face-off versus Jake Evans in Maple Leafs zone.
6:29 of 2nd period - Shot by Zach Parise.
6:29 of 2nd period - Stopped by Juuse Saros without a rebound.
6:30 of 2nd period - Jake Evans wins face-off versus Noel Acciari in Maple Leafs zone.
7:02 of 2nd period - Icing by Ryan Dzingel.
7:03 of 2nd period - Noel Acciari wins face-off versus Carter Rowney in Predateurs zone.
7:03 of 2nd period - Noel Acciari is hit by Carter Rowney.
7:38 of 2nd period - Icing by Marc-Edouard Vlasic.
7:39 of 2nd period - Sebastian Aho wins face-off versus Brendan Gallagher in Predateurs zone.
7:52 of 2nd period - Shot by Nikita Kucherov.
7:52 of 2nd period - Deflect By Sebastian Aho.
7:52 of 2nd period - Stopped by Juuse Saros without a rebound.
7:53 of 2nd period - Nicklas Backstrom wins face-off versus Jamie Benn in Maple Leafs zone.
7:59 of 2nd period - Icing by Taylor Hall.
8:00 of 2nd period - Sebastian Aho wins face-off versus Jamie Benn in Maple Leafs zone.
8:31 of 2nd period - Shot by Patrik Laine.
8:31 of 2nd period - Stopped by Pekka Rinne without a rebound.
8:32 of 2nd period - Nicklas Backstrom wins face-off versus Brendan Gallagher in Predateurs zone.
8:44 of 2nd period - Nicklas Backstrom is hit by Dougie Hamilton and loses puck.
10:00 of 2nd period - Shot by Patrik Laine.
10:00 of 2nd period - Stopped by Pekka Rinne without a rebound.
10:01 of 2nd period - Noel Acciari wins face-off versus Jeff Carter in Predateurs zone.
10:01 of 2nd period - Noel Acciari is hit by Jeff Carter.
10:13 of 2nd period - Jeff Carter is hit by Noel Acciari.
10:14 of 2nd period - Off-side.
10:15 of 2nd period - Patrik Laine wins face-off versus Frederick Gaudreau in neutral zone.
11:11 of 2nd period - Shot by Sebastian Aho.
11:11 of 2nd period - Stopped by Juuse Saros without a rebound.
11:11 of 2nd period - Minor Penalty to Juuse Saros for Slashing.
11:12 of 2nd period - Sebastian Aho wins face-off versus Jake Evans in Maple Leafs zone.
11:15 of 2nd period - Shot by Justin Schultz.
11:15 of 2nd period - Shot Misses the Net.
11:50 of 2nd period - Icing by Teuvo Teravainen.
11:51 of 2nd period - Sebastian Aho wins face-off versus Michael Grabner in Predateurs zone.
12:45 of 2nd period - Icing by Zach Parise.
12:46 of 2nd period - Nicklas Backstrom wins face-off versus Jake Evans in Predateurs zone.
12:48 of 2nd period - Icing by Zach Parise.
12:49 of 2nd period - Patrik Laine wins face-off versus Nicklas Backstrom in Predateurs zone.
13:37 of 2nd period - Shot by Josh Archibald.
13:37 of 2nd period - Stopped by Juuse Saros without a rebound.
13:38 of 2nd period - Nicklas Backstrom wins face-off versus Jake Evans in Maple Leafs zone.
13:38 of 2nd period - Esa Lindell is hit by Dougie Hamilton and loses puck.
13:41 of 2nd period - Shot by Teuvo Teravainen.
13:41 of 2nd period - Shot Misses the Net.
14:26 of 2nd period - Off-side.
14:27 of 2nd period - Sebastian Aho wins face-off versus Jeff Carter in neutral zone.
14:33 of 2nd period - Nikita Kucherov is hit by Nikita Zadorov and loses puck.
14:57 of 2nd period - Shot by Nikita Kucherov.
14:57 of 2nd period - Shot Misses the Net.
14:59 of 2nd period - Shot by Sebastian Aho.
14:59 of 2nd period - Goal by Sebastian Aho - Maple Leafs : 1 - Predateurs : 4.
15:00 of 2nd period - Noel Acciari wins face-off versus Jamie Benn in neutral zone.
15:03 of 2nd period - Patrik Laine is hit by Noel Acciari and loses puck.
16:04 of 2nd period - Teuvo Teravainen is hit by Rudolfs Balcers and loses puck.
16:39 of 2nd period - Shot by Nicklas Backstrom.
16:39 of 2nd period - Shot Misses the Net.
17:01 of 2nd period - Icing by Esa Lindell.
17:02 of 2nd period - Jeff Carter wins face-off versus Alexander Wennberg in Predateurs zone.
17:21 of 2nd period - Shot by Alexander Radulov.
17:21 of 2nd period - Stopped by Pekka Rinne without a rebound.
17:22 of 2nd period - Frederick Gaudreau wins face-off versus Jamie Benn in Predateurs zone.
17:33 of 2nd period - Shot by Patrik Laine.
17:33 of 2nd period - Stopped by Pekka Rinne without a rebound.
17:34 of 2nd period - Jeff Carter wins face-off versus Sebastian Aho in Predateurs zone.
17:35 of 2nd period - Shot by Alexander Radulov.
17:35 of 2nd period - Shot Misses the Net.
17:55 of 2nd period - Shot by Nikita Kucherov.
17:55 of 2nd period - Stopped by Juuse Saros without a rebound.
17:56 of 2nd period - Nicklas Backstrom wins face-off versus Jamie Benn in Maple Leafs zone.
18:09 of 2nd period - Shot by Patrik Laine.
18:09 of 2nd period - Shot Misses the Net.
18:11 of 2nd period - Shot by Patrik Laine.
18:11 of 2nd period - Stopped by Pekka Rinne without a rebound.
18:12 of 2nd period - Carter Rowney wins face-off versus Sebastian Aho in Predateurs zone.
18:15 of 2nd period - Shot by Michael Grabner.
18:15 of 2nd period - Stopped by Pekka Rinne without a rebound.
18:16 of 2nd period - Sebastian Aho wins face-off versus Jamie Benn in Predateurs zone.
18:44 of 2nd period - Icing by Sebastian Aho.
18:45 of 2nd period - Sebastian Aho wins face-off versus Jeff Carter in Predateurs zone.
19:26 of 2nd period - Shot by Alexander Radulov.
19:26 of 2nd period - Goal by Alexander Radulov - Maple Leafs : 2 - Predateurs : 4.
19:27 of 2nd period - Carter Rowney wins face-off versus Nicklas Backstrom in neutral zone.
19:50 of 2nd period - Shot by Filip Forsberg.
19:50 of 2nd period - Shot Misses the Net.
19:52 of 2nd period - Shot by Teuvo Teravainen.
19:52 of 2nd period - Stopped by Juuse Saros without a rebound.
19:53 of 2nd period - Jamie Benn wins face-off versus Noel Acciari in Maple Leafs zone.
19:53 of 2nd period - Jamie Benn is hit by Noel Acciari.
19:56 of 2nd period - Patrik Laine is hit by Noel Acciari.
Goals for this period are 1 for Maple Leafs vs 1 for Predateurs.
Shots for this period are 7 for Maple Leafs vs 13 for Predateurs.

3rd period


0:01 of 3rd period - Nicklas Backstrom wins face-off versus Jamie Benn in neutral zone.
0:27 of 3rd period - Shot by Patrik Laine.
0:27 of 3rd period - Shot Blocked by Justin Schultz.
0:52 of 3rd period - Icing by Jaccob Slavin.
0:53 of 3rd period - Sebastian Aho wins face-off versus Jamie Benn in Maple Leafs zone.
1:25 of 3rd period - Shot by Sebastian Aho.
1:25 of 3rd period - Stopped by Juuse Saros with a rebound.
1:27 of 3rd period - Shot by Nikita Kucherov.
1:27 of 3rd period - Stopped by Juuse Saros without a rebound.
1:28 of 3rd period - Jeff Carter wins face-off versus Noel Acciari in Maple Leafs zone.
1:36 of 3rd period - Off-side.
1:37 of 3rd period - Jake Evans wins face-off versus Nicklas Backstrom in neutral zone.
1:41 of 3rd period - Minor Penalty to Brady Skjei for Tripping.
1:42 of 3rd period - Frederick Gaudreau wins face-off versus Jeff Carter in Predateurs zone.
2:03 of 3rd period - Shot by Jakub Vrana.
2:03 of 3rd period - Stopped by Pekka Rinne without a rebound.
2:04 of 3rd period - Jamie Benn wins face-off versus Frederick Gaudreau in Predateurs zone.
2:09 of 3rd period - Shot by Taylor Hall.
2:09 of 3rd period - Shot Blocked by Nathan Beaulieu.
2:11 of 3rd period - Shot by Taylor Hall.
2:11 of 3rd period - Stopped by Pekka Rinne without a rebound.
2:12 of 3rd period - Jeff Carter wins face-off versus Frederick Gaudreau in Predateurs zone.
2:12 of 3rd period - Jeff Carter is hit by Nathan Beaulieu.
2:28 of 3rd period - Shot by Noel Acciari.
2:28 of 3rd period - Stopped by Juuse Saros with a rebound.
4:09 of 3rd period - Shot by Carter Rowney.
4:09 of 3rd period - Shot Misses the Net.
4:11 of 3rd period - Shot by Carter Rowney.
4:11 of 3rd period - Deflect By Michael Grabner.
4:11 of 3rd period - Shot Blocked by Esa Lindell.
4:13 of 3rd period - Shot by Carter Rowney.
4:13 of 3rd period - Deflect By Michael Grabner.
4:13 of 3rd period - Shot Misses the Net.
4:15 of 3rd period - Shot by Carter Rowney.
4:15 of 3rd period - Shot Misses the Net.
4:29 of 3rd period - Shot by Jake Evans.
4:29 of 3rd period - Stopped by Pekka Rinne without a rebound.
4:30 of 3rd period - Sebastian Aho wins face-off versus Jeff Carter in Predateurs zone.
4:39 of 3rd period - Jaccob Slavin is hit by Alexander Wennberg and loses puck.
5:44 of 3rd period - Shot by Nathan Beaulieu.
5:44 of 3rd period - Deflect By Zach Parise.
5:44 of 3rd period - Shot Misses the Net.
5:46 of 3rd period - Shot by Noel Acciari.
5:46 of 3rd period - Stopped by Juuse Saros without a rebound.
5:47 of 3rd period - Nicklas Backstrom wins face-off versus Jamie Benn in Maple Leafs zone.
5:52 of 3rd period - Shot by Teuvo Teravainen.
5:52 of 3rd period - Stopped by Juuse Saros with a rebound.
5:54 of 3rd period - Shot by Mirco Mueller.
5:54 of 3rd period - Stopped by Juuse Saros without a rebound.
5:55 of 3rd period - Jamie Benn wins face-off versus Noel Acciari in Maple Leafs zone.
6:35 of 3rd period - Zach Parise is hit by Nikita Zadorov and loses puck.
6:58 of 3rd period - Icing by Nicklas Backstrom.
6:59 of 3rd period - Jake Evans wins face-off versus Nicklas Backstrom in Predateurs zone.
7:58 of 3rd period - Icing by Marc-Edouard Vlasic.
7:59 of 3rd period - Jeff Carter wins face-off versus Sebastian Aho in Predateurs zone.
8:00 of 3rd period - Shot by Jakub Vrana.
8:00 of 3rd period - Stopped by Pekka Rinne without a rebound.
8:01 of 3rd period - Jeff Carter wins face-off versus Sebastian Aho in Predateurs zone.
8:01 of 3rd period - Jeff Carter is hit by Marc-Edouard Vlasic.
8:03 of 3rd period - Shot by Jakub Vrana.
8:03 of 3rd period - Stopped by Pekka Rinne without a rebound.
8:04 of 3rd period - Sebastian Aho wins face-off versus Jeff Carter in Predateurs zone.
8:04 of 3rd period - Sebastian Aho is hit by Alexander Radulov.
8:34 of 3rd period - Shot by Jakub Vrana.
8:34 of 3rd period - Shot Blocked by Marc-Edouard Vlasic.
8:36 of 3rd period - Shot by Marcus Pettersson.
8:36 of 3rd period - Stopped by Pekka Rinne without a rebound.
8:37 of 3rd period - Frederick Gaudreau wins face-off versus Jamie Benn in Predateurs zone.
8:58 of 3rd period - Shot by Josh Archibald.
8:58 of 3rd period - Stopped by Juuse Saros without a rebound.
8:59 of 3rd period - Jake Evans wins face-off versus Noel Acciari in Maple Leafs zone.
9:43 of 3rd period - Minor Penalty to Jake Evans for High sticking.
9:44 of 3rd period - Sebastian Aho wins face-off versus Jamie Benn in Maple Leafs zone.
9:44 of 3rd period - Teuvo Teravainen is hit by Dougie Hamilton and loses puck.
9:47 of 3rd period - Shot by Sebastian Aho.
9:47 of 3rd period - Shot Blocked by Dougie Hamilton.
9:49 of 3rd period - Shot by Filip Forsberg.
9:49 of 3rd period - Shot Blocked by Dougie Hamilton.
10:01 of 3rd period - Shot by Filip Forsberg.
10:01 of 3rd period - Shot Blocked by Carl Gunnarsson.
10:11 of 3rd period - Shot by Filip Forsberg.
10:11 of 3rd period - Shot Misses the Net.
10:13 of 3rd period - Shot by Teuvo Teravainen.
10:13 of 3rd period - Shot Blocked by Carl Gunnarsson.
10:15 of 3rd period - Shot by Filip Forsberg.
10:15 of 3rd period - Shot Blocked by Dougie Hamilton.
10:17 of 3rd period - Shot by Nikita Kucherov.
10:17 of 3rd period - Shot Blocked by Carl Gunnarsson.
10:19 of 3rd period - Shot by Filip Forsberg.
10:19 of 3rd period - Shot Misses the Net.
10:21 of 3rd period - Shot by Teuvo Teravainen.
10:21 of 3rd period - Shot Misses the Net.
10:23 of 3rd period - Shot by Sebastian Aho.
10:23 of 3rd period - Shot Misses the Net.
10:25 of 3rd period - Shot by Teuvo Teravainen.
10:25 of 3rd period - Shot Misses the Net.
11:01 of 3rd period - Shot by Brady Skjei.
11:01 of 3rd period - Shot Blocked by Jaccob Slavin.
11:03 of 3rd period - Shot by Alexander Wennberg.
11:03 of 3rd period - Stopped by Juuse Saros without a rebound.
11:04 of 3rd period - Sebastian Aho wins face-off versus Patrik Laine in Maple Leafs zone.
11:13 of 3rd period - Shot by Nikita Kucherov.
11:13 of 3rd period - Shot Misses the Net.
11:15 of 3rd period - Shot by Teuvo Teravainen.
11:15 of 3rd period - Deflect By Filip Forsberg.
11:15 of 3rd period - Shot Misses the Net.
11:17 of 3rd period - Shot by Teuvo Teravainen.
11:17 of 3rd period - Stopped by Juuse Saros without a rebound.
11:18 of 3rd period - Nicklas Backstrom wins face-off versus Patrik Laine in Maple Leafs zone.
11:57 of 3rd period - Alexander Radulov is hit by Josh Archibald and loses puck.
12:05 of 3rd period - Icing by Justin Schultz.
12:06 of 3rd period - Rudolfs Balcers wins face-off versus Frederick Gaudreau in Predateurs zone.
12:06 of 3rd period - Jaccob Slavin is hit by Marc-Edouard Vlasic and loses puck.
13:29 of 3rd period - Shot by Esa Lindell.
13:29 of 3rd period - Stopped by Juuse Saros without a rebound.
13:30 of 3rd period - Jeff Carter wins face-off versus Nicklas Backstrom in Maple Leafs zone.
13:30 of 3rd period - Jeff Carter is hit by Filip Forsberg.
13:39 of 3rd period - Nathan Beaulieu is hit by Jeff Carter and loses puck.
13:49 of 3rd period - Shot by Nicklas Backstrom.
13:49 of 3rd period - Shot Misses the Net.
13:55 of 3rd period - Shot by Teuvo Teravainen.
13:55 of 3rd period - Deflect By Filip Forsberg.
13:55 of 3rd period - Shot Misses the Net.
13:57 of 3rd period - Shot by Nathan Beaulieu.
13:57 of 3rd period - Shot Misses the Net.
13:59 of 3rd period - Shot by Nicklas Backstrom.
13:59 of 3rd period - Shot Misses the Net.
14:01 of 3rd period - Shot by Teuvo Teravainen.
14:01 of 3rd period - Stopped by Juuse Saros without a rebound.
14:02 of 3rd period - Nikita Kucherov wins face-off versus Carter Rowney in Maple Leafs zone.
14:37 of 3rd period - Shot by Alexander Wennberg.
14:37 of 3rd period - Shot Misses the Net.
14:39 of 3rd period - Shot by Esa Lindell.
14:39 of 3rd period - Shot Misses the Net.
14:41 of 3rd period - Shot by Brady Skjei.
14:41 of 3rd period - Stopped by Juuse Saros without a rebound.
14:42 of 3rd period - Jamie Benn wins face-off versus Nicklas Backstrom in Maple Leafs zone.
14:42 of 3rd period - Jamie Benn is hit by Filip Forsberg.
14:50 of 3rd period - Shot by Jamie Benn.
14:50 of 3rd period - Stopped by Pekka Rinne with a rebound.
14:52 of 3rd period - Shot by Marcus Pettersson.
14:52 of 3rd period - Stopped by Pekka Rinne without a rebound.
14:53 of 3rd period - Noel Acciari wins face-off versus Jeff Carter in Predateurs zone.
15:14 of 3rd period - Shot by Jeff Carter.
15:14 of 3rd period - Stopped by Pekka Rinne without a rebound.
15:15 of 3rd period - Nicklas Backstrom wins face-off versus Patrik Laine in Predateurs zone.
16:44 of 3rd period - Shot by Jakub Vrana.
16:44 of 3rd period - Shot Misses the Net.
17:35 of 3rd period - Shot by Mirco Mueller.
17:35 of 3rd period - Stopped by Juuse Saros with a rebound.
17:37 of 3rd period - Shot by Zach Parise.
17:37 of 3rd period - Stopped by Juuse Saros without a rebound.
17:38 of 3rd period - Carter Rowney wins face-off versus Nicklas Backstrom in Maple Leafs zone.
17:42 of 3rd period - Minor Penalty to Esa Lindell for Goalie Interference.
17:43 of 3rd period - Jamie Benn wins face-off versus Frederick Gaudreau in Predateurs zone.
17:57 of 3rd period - Icing by Brendan Gallagher.
17:58 of 3rd period - Jamie Benn wins face-off versus Frederick Gaudreau in Maple Leafs zone.
17:58 of 3rd period - Jamie Benn is hit by Josh Archibald.
18:13 of 3rd period - Shot by Dougie Hamilton.
18:13 of 3rd period - Shot Misses the Net.
18:15 of 3rd period - Shot by Dougie Hamilton.
18:15 of 3rd period - Shot Misses the Net.
18:17 of 3rd period - Shot by Jake Gardiner.
18:17 of 3rd period - Stopped by Pekka Rinne with a rebound.
18:19 of 3rd period - Shot by Brendan Gallagher.
18:19 of 3rd period - Shot Blocked by Alexander Wennberg.
18:35 of 3rd period - Shot by Dougie Hamilton.
18:35 of 3rd period - Shot Misses the Net.
19:07 of 3rd period - Shot by Jakub Vrana.
19:07 of 3rd period - Stopped by Pekka Rinne without a rebound.
19:08 of 3rd period - Jeff Carter wins face-off versus Frederick Gaudreau in Predateurs zone.
19:19 of 3rd period - Shot by Patrik Laine.
19:19 of 3rd period - Stopped by Pekka Rinne with a rebound.
19:21 of 3rd period - Shot by Jeff Carter.
19:21 of 3rd period - Shot Misses the Net.
19:23 of 3rd period - Shot by Marcus Pettersson.
19:23 of 3rd period - Stopped by Pekka Rinne without a rebound.
19:24 of 3rd period - Jamie Benn wins face-off versus Noel Acciari in Predateurs zone.
19:24 of 3rd period - Dougie Hamilton is hit by Nathan Beaulieu and loses puck.
19:35 of 3rd period - Shot by Taylor Hall.
19:35 of 3rd period - Shot Blocked by Josh Archibald.
19:37 of 3rd period - Shot by Jake Gardiner.
19:37 of 3rd period - Shot Blocked by Marc-Edouard Vlasic.
19:41 of 3rd period - Shot by Taylor Hall.
19:41 of 3rd period - Stopped by Pekka Rinne with a rebound.
19:43 of 3rd period - Shot by Michael Grabner.
19:43 of 3rd period - Deflect By William Carrier.
19:43 of 3rd period - Shot Misses the Net.
19:45 of 3rd period - Shot by Marcus Pettersson.
19:45 of 3rd period - Goal by Marcus Pettersson - Maple Leafs : 3 - Predateurs : 4.
19:46 of 3rd period - Alexander Wennberg wins face-off versus Jamie Benn in neutral zone.
19:46 of 3rd period - Alexander Wennberg is hit by Jamie Benn.
Goals for this period are 1 for Maple Leafs vs 0 for Predateurs.
Shots for this period are 15 for Maple Leafs vs 14 for Predateurs.